 Dungeon Crawl Stone Soup version 0.19-a0-1254-gb9c29c0 (webtiles) character file.

207 Kidiri the Magician (level 5, -1/28 HPs)
             Began as a Deep Elf Fire Elementalist on Aug 27, 2016.
             Slain by a jackal (3 damage)
             ... on level 3 of the Dungeon.
             The game lasted 00:09:52 (2872 turns).

Kidiri the Magician (Deep Elf Fire Elementalist)    Turns: 2872, Time: 00:09:52

Health: -1/28      AC:  2    Str:  5    XL:     5   Next: 54%
Magic:  8/15       EV: 13    Int: 21    God:
Gold:   125        SH:  0    Dex: 15    Spells: 5 memorised, 3 levels left

rFire  . . .     SeeInvis .     m - +1 dagger (holy)
rCold  . . .     Gourm    .     a - +0 robe
rNeg   . . .     Faith    .     (no shield)
rPois  .         Spirit   .     (no helmet)
rElec  .         Dismiss  .     (no cloak)
rCorr  .         Reflect  .     (no gloves)
MR     .....     Harm     .     (no boots)
Stlth  ++........               (no amulet)
                                (no ring)
                                (no ring)

@: very slightly contaminated
A: no striking features
a: no special abilities


You were on level 3 of the Dungeon.
You were not hungry.

You visited 1 branch of the dungeon, and saw 3 of its levels.

You collected 125 gold pieces.

Inventory:

Hand Weapons
 m - a +1 dagger of holy wrath (weapon)
Armour
 a - a +0 robe (worn)
Scrolls
 d - a scroll of amnesia
 g - 3 scrolls of remove curse
 h - a scroll of teleportation {unknown}
 p - a scroll of enchant weapon {unknown}
 q - a scroll of blinking {unknown}
Potions
 e - a potion of might
 j - a potion of ambrosia
 l - a potion of heal wounds {unknown}
Books
 b - a book of Flames

   Spells                             Type                      Level
   a - Flame Tongue                   Conjuration/Fire             1
   b - Throw Flame                    Conjuration/Fire             2
   c - Conjure Flame                  Conjuration/Fire             3
   d - Inner Flame                    Hexes/Fire                   3
   e - Sticky Flame                   Conjuration/Fire             4
   f - Fireball                       Conjuration/Fire             5
Comestibles
 c - 2 bread rations
 f - a chunk of flesh
 k - 2 meat rations
 n - a slice of pizza
 o - 2 beef jerkies


   Skills:
 - Level 2.4 Dodging
 - Level 2.4 Stealth
 * Level 6.2 Spellcasting
 + Level 3.0 Conjurations
 + Level 4.2 Fire Magic


You had 3 spell levels left.
You knew the following spells:

 Your Spells              Type           Power        Failure   Level  Hunger
a - Flame Tongue          Conj/Fire      ###..        1%          1    None
b - Throw Flame           Conj/Fire      ###...       3%          2    None
c - Conjure Flame         Conj/Fire      ###.....     10%         3    #......
d - Inner Flame           Hex/Fire       ###.....     14%         3    #......
e - Sticky Flame          Conj/Fire      ###.....     24%         4    ###....


Dungeon Overview and Level Annotations

Branches:
Dungeon (3/15)

Altars:


Message History

Casting: Flame Tongue
Confirm with . or Enter, or press ? or * to list all spells.
Aiming: Flame Tongue
Press: ? - help, Shift-Dir - straight line, f/p - jackal
Aim: a jackal (moderately wounded)
The flame tongue hits the jackal.
You kill the jackal!
The jackal bites you.
* * * LOW HITPOINT WARNING * * *
The jackal bites you.
* * * LOW HITPOINT WARNING * * *
Casting: Flame Tongue
Confirm with . or Enter, or press ? or * to list all spells.
Aiming: Flame Tongue
Press: ? - help, Shift-Dir - straight line, f - jackal
Aim: a jackal The flame tongue hits the jackal.
The jackal is severely wounded.
The jackal bites you.
You die...

... ##..
..!#######
#..#.....#
#..#.....#
#..#†.<..# ##.
#..#.....#.....
#..@.......#
####h....#.....
#.....# #.#.
#.....# .
#.......
#.....#.#
##.###### #.#


You could see a jackal.

Vanquished Creatures
  Jessica (D:2)
  Ijyb (D:2)
  5 adders
  4 gnolls (D:2)
  An ooze (D:1)
  A worm (D:2)
  A dart slug (D:1)
  A giant gecko (D:2)
  5 giant cockroaches
  6 goblins
  6 hobgoblins
  8 jackals
  2 quokkas
  A ball python (D:2)
  5 bats
  5 giant newts
  4 kobolds
  13 rats
70 creatures vanquished.

Notes
Turn   | Place    | Note
-------+----------+-------------------------------------------
     0 | D:1      | Kidiri the Deep Elf Fire Elementalist began the quest for the Orb.
     0 | D:1      | Reached XP level 1. HP: 10/10 MP: 6/6
   391 | D:1      | Reached XP level 2. HP: 15/15 MP: 6/8
   395 | D:1      | Learned a level 2 spell: Throw Flame
   932 | D:1      | Reached skill level 4 in Spellcasting
  1128 | D:1      | Reached XP level 3. HP: 17/19 MP: 6/10
  1133 | D:1      | Learned a level 3 spell: Conjure Flame
  1137 | D:1      | Learned a level 3 spell: Inner Flame
  1270 | D:2      | Noticed Jessica
  1615 | D:2      | Killed Jessica
  1615 | D:2      | Reached skill level 5 in Spellcasting
  1615 | D:2      | Reached XP level 4. HP: 8/24 MP: 0/13
  1621 | D:2      | Learned a level 4 spell: Sticky Flame
  2181 | D:2      | Reached XP level 5. HP: 28/28 MP: 11/15
  2294 | D:2      | Noticed Ijyb
  2309 | D:2      | Killed Ijyb
  2493 | D:2      | Reached skill level 6 in Spellcasting
  2872 | D:3      | Slain by a jackal

Vault maps used:
D:1:      shiori_arrival_maze
D:2:      uniq_iyjb, uniq_jessica

Skill      XL: |  1  2  3  4  5 |
---------------+----------------+-----
Spellcasting   | 4 5 6 |  6.2
Conjurations   | 2 3 |  3.0
Fire Magic     | 4 |  4.2
Dodging        | |  2.4
Stealth        | |  2.4

Action                   |  1- 3 |  4- 6 || total
-------------------------+-------+-------++-------
Melee: Dagger            |    10 |    41 ||    51
 Cast: Flame Tongue      |    55 |    34 ||    89
       Throw Flame       |    10 |    14 ||    24
       Sticky Flame      |       |     3 ||     3
  Use: Potion            |     1 |     3 ||     4
       Scroll            |       |     4 ||     4
 Stab: Sleeping          |       |     2 ||     2
  Eat: Chunk             |     2 |     5 ||     7
Armor: Robe              |     6 |    14 ||    20
Dodge: Dodged            |    46 |    77 ||   123
